 Dungeon Crawl Stone Soup version 0.28.0-1-gb440e238dd (webtiles) character file.

Game seed: 12354859693225738876

16983 mortz the Thaumaturge (level 12, -6/94 HPs)
             Began as a Purple Draconian Conjurer on Feb 22, 2022.
             Was a High Priest of Jiyva.
             Mangled by a skeletal warrior (22 damage)
             ... led by a skeletal warrior
             ... on level 11 of the Dungeon.
             The game lasted 01:03:45 (8227 turns).

mortz the Thaumaturge (Purple Draconian Conjurer)   Turns: 8227, Time: 01:03:46

Health: -6/94      AC: 14    Str:  9    XL:     12   Next: 14%
Magic:  28/28      EV: 17    Int: 26    God:    Jiyva [*****.]
Gold:   310        SH:  5    Dex: 18    Spells: 28/35 levels left

rFire   + . .      SeeInvis +   I - +3 trident of Fundamental Breach {vorpal, *Slow Will+ Dex+4}
rCold   + . .      Faith    .   E - +0 buckler
rNeg    . . .      Spirit   .   (armour unavailable)
rPois   +          Reflect  .   (helmet restricted)
rElec   .          Harm     .   u - +0 cloak
rCorr   +          Rampage  .   j - +0 pair of gloves
rMut    +                       (no boots)
Will    +++..                   (no amulet)
Stlth   +++.......              c - +4 ring of protection
HPRegen 1.69/turn               F - ring "Veboxt" {rPois rF+ Int+2}
MPRegen 0.66/turn

@: flying, slowed, very slow
A: breathe power, AC +8, unfitting armour, cold-blooded, antennae 2, big wings,
agile 2, cold resistance 1, strong-willed 1, mutation resistance 3, eyeballs 3,
engulf
a: Breathe Dispelling Energy, Renounce Religion, Oozemancy, Slimify


You were on level 11 of the Dungeon.
You worshipped Jiyva.
Jiyva was extremely pleased with you.
You visited 1 branch of the dungeon, and saw 11 of its levels.

You collected 377 gold pieces.
You spent 67 gold pieces at shops.

Inventory:

Hand Weapons
 g - a +0 dagger of draining
 q - a +1 long sword of freezing
 r - a +2 battleaxe
 s - a +3 scimitar
 v - a +0 halberd
 H - a +2 scimitar of flaming
 I - the +3 trident of Fundamental Breach (weapon) {vorpal, *Slow Will+ Dex+4}
   (You took it off an orc wizard on level 10 of the Dungeon)

   It inflicts extra damage upon your enemies.
   Dex:       It affects your dexterity (+4).
   *Slow:     It may slow you when you take damage.
   Will:      It increases your willpower.
 N - a +2 spear of venom
Missiles
 C - 8 poisoned darts
 M - a throwing net
Armour
 j - a +0 pair of gloves (worn)
 u - a +0 cloak (worn)
 E - a +0 buckler (worn)
Magical Staves
 y - a staff of earth
 J - a staff of fire
Jewellery
 c - a +4 ring of protection (left hand)
 D - an amulet of guardian spirit
 F - the ring "Veboxt" (right hand) {rPois rF+ Int+2}
   (You found it on level 9 of the Dungeon)

   [ring of protection from fire]

   Int:       It affects your intelligence (+2).
   rF:        It protects you from fire.
   rPois:     It protects you from poison.
 G - a ring of poison resistance
 K - a +6 ring of strength
Wands
 B - a wand of flame (7)
 O - a wand of paralysis (11)
Scrolls
 b - 8 scrolls of identify {unknown}
 h - a scroll of blinking {unknown}
 i - 4 scrolls of amnesia {unknown}
 l - a scroll of vulnerability {unknown}
 m - a scroll of brand weapon {unknown}
 n - 5 scrolls of fog {unknown}
 o - a scroll of enchant weapon {unknown}
 p - a scroll of fear {unknown}
 x - a scroll of summoning {unknown}
 z - a scroll of immolation {unknown}
 A - 2 scrolls of torment {unknown}
 L - a scroll of teleportation {unknown}
 Q - a scroll of holy word {unknown}
 S - a scroll of enchant armour {unknown}
 U - a scroll of noise {unknown}
Potions
 a - a potion of haste {unknown}
 d - 3 potions of curing {unknown}
 e - 2 potions of degeneration
 f - 5 potions of flight {unknown}
 k - a potion of invisibility {unknown}
 t - a potion of magic {unknown}
 w - a potion of berserk rage {unknown}
 R - a potion of lignification {unknown}
 T - a potion of brilliance {unknown}
Miscellaneous
 P - a lightning rod (4/4)


   Skills:
 + Level 5.0 Fighting
 + Level 3.1(3.4) Short Blades
 + Level 2.2(3.0) Long Blades
 + Level 3.2 Polearms
 + Level 8.7 Dodging
 + Level 4.9 Stealth
 + Level 2.1 Shields
 + Level 12.1 Spellcasting
 + Level 11.6 Conjurations
 + Level 1.4 Hexes


You had 28 spell levels left.
You knew the following spells:

 Your Spells              Type           Power      Damage    Failure   Level
a - Magic Dart            Conj           100%       1d8       1%          1
b - Searing Ray           Conj           100%       2d8       1%          2
c - Fulminant Prism       Conj/Hex       24%        3d13      3%          4

Your spell library contained the following spells:

 Spells                   Type           Power      Damage    Failure   Level
 Dazzling Flash           Conj/Hex       98%        N/A       1%          3
 Iskenderun's Mystic Bla  Conj/Tloc      46%        2d10      4%          4
 Tukima's Dance           Hex            23%        N/A       9%          3
 Passage of Golubria      Tloc           15%        N/A       43%         4
 Yara's Violent Unravell  Hex/Tmut       9%         3d6       71%         5


Dungeon Overview and Level Annotations

Branches:
Dungeon (11/15)            Temple (0/1) D:4            Lair (0/6) D:8
    Orc (0/2) D:10

Altars:
Dithmenos
Hepliaklqana
Kikubaaqudgha
Okawaru
Trog
Yredelemnul
Jiyva

Shops:
D:6 *


Innate Abilities, Weirdness & Mutations

You can breathe bolts of dispelling energy.
Your rich purple scales are hard. (AC +8)
You cannot fit into any form of body armour.
You are cold-blooded and may be slowed by cold attacks.
You have a pair of antennae on your head.
Your large and strong wings let you fly.
You are very agile. (Dex +4)
Your flesh is cold resistant. (rC+)
You are strong-willed. (Will+)
You are almost entirely resistant to further mutation and mutation removal.
Your body is covered in eyes which may confuse attackers. (Acc +7, SInv)
Your melee attacks may engulf your foes in ooze.


Message History

Found a robe.
A skeletal warrior comes into view. It is wielding a +0 halberd.
A skeletal warrior comes into view. It is wielding a +0 hand axe.
Found 17 gold pieces.
You see here a wand of paralysis (7).
A skeletal warrior comes into view. It is wielding a +1 scimitar of venom.
You see here a wand of paralysis (7).
O - a wand of paralysis (11) (gained 7 charges)
Your +2 scimitar of flaming stops flaming.
You feel agile.
I - the +3 trident of Fundamental Breach (weapon)
{vorpal, *Slow Will+ Dex+4} Reach: I) +3 trident of Fundamental Breach {vorpal, *Slow Will+ Dex+4}
Press: ? - help, Dir - move target, f - skeletal warrior
Aim: a skeletal warrior, wielding a +0 halberd (about 28% to evade the +3 trident of Fundamental Breach)
You reach to attack!
You hit the skeletal warrior but do no damage.
The skeletal warrior hits you from afar with a +0 halberd.
The skeletal warrior barely misses you.
Reach: I) +3 trident of Fundamental Breach {vorpal, *Slow Will+ Dex+4}
Press: ? - help, Dir - move target, f/p - skeletal warrior
Aim: a skeletal warrior, wielding a +0 halberd (about 28% to evade the +3 trident of Fundamental Breach)
You reach to attack!
You barely miss the skeletal warrior. The skeletal warrior misses you.
You barely miss the skeletal warrior. The skeletal warrior barely misses you.
You barely miss the skeletal warrior.
You tail-slap the skeletal warrior, but do no damage.
The skeletal warrior hits you from afar with a +0 halberd!!
The skeletal warrior hits you with a +0 hand axe!
You block the skeletal warrior's attack.
You closely miss the skeletal warrior.
The skeletal warrior closely misses you.
The skeletal warrior hits you from afar with a +0 halberd!
The skeletal warrior hits you with a +1 scimitar of venom.
You feel yourself slow down.
You hit the skeletal warrior but do no damage.
The skeletal warrior hits you with a +0 hand axe!!
The skeletal warrior hits you from afar with a +0 halberd!!
* * * LOW HITPOINT WARNING * * *
The skeletal warrior hits you with a +1 scimitar of venom!!
You die...

....(......#
...........#
...........##
..(.........##
.............##
........###...##
......###
###..## #######
##..#..###
#.....#@z####
#[.....#zz.....
##...........###
#..........#..#
#...............
#..............#
##.............#
##............
#...........#


You could see 3 skeletal warriors.

Vanquished Creatures
  A hydra (D:10)
  A catoblepas (D:10)
  A two-headed ogre (D:9)
  A centaur warrior (D:9)
  Pikel (D:7)
  2 ugly things (D:10)
  4 cyclopes (D:10)
  An elephant (D:8)
  A kobold demonologist (D:10)
  An efreet (D:10)
  A freezing wraith (D:10)
  A shadow (D:10)
  A vampire (D:10)
  2 wraiths
  A wyvern (D:10)
  6 yaks (D:9)
  2 humans (D:7)
  3 basilisks
  Menkaure (D:7)
  A water moccasin (D:9)
  2 ice beasts
  A sky beast (D:6)
  A necrophage (D:5)
  2 hornet zombies
  2 orc warriors
  3 ogres
  2 centaurs (D:9)
  2 phantoms (D:6)
  A kobold brigand (D:8)
  3 bullfrogs
  2 gnoll sergeants
  A wyvern zombie (D:8)
  3 scorpions
  9 killer bees
  6 wights
  5 howler monkeys
  2 centaur zombies
  2 bullfrog zombies (D:5)
  A hound (D:4)
  A bullfrog skeleton (D:3)
  An orc priest (D:9)
  2 gnoll shamans
  A centaur skeleton (D:7)
  2 orc wizards
  A killer bee zombie (D:5)
  A hound zombie (D:5)
  A hound skeleton (D:5)
  A howler monkey zombie (D:5)
  9 gnolls
  A howler monkey skeleton (D:5)
  2 adders
  A shadow imp (D:6)
  A white imp (D:8)
  A worm (D:5)
  4 dart slugs
  8 orcs
  A ball python (D:1)
  3 bats (D:1)
  5 goblins
  5 hobgoblins
  2 quokkas (D:1)
  3 frilled lizards (D:1)
  4 kobolds
  3 rats
147 creatures vanquished.

Vanquished Creatures (collateral kills)
  A catoblepas (D:10)
  4 two-headed ogres
  A cyclops (D:10)
  2 centaur zombies (D:10)
  A gargoyle (D:10)
  An unseen horror (D:10)
  A komodo dragon (D:10)
  2 orc warriors (D:10)
  An orc wizard (D:10)
  An orc (D:10)
15 creatures vanquished.

Vanquished Creatures (others)
  A kobold demonologist (D:9)
  A slime creature (D:8)
  2 yaks (D:9)
  A lemure (D:7)
  A scorpion (D:5)
  25 jellies
  A centaur skeleton (D:4)
  2 orc wizards (D:9)
  Terence (D:3)
  2 howler monkey zombies (D:5)
  3 gnolls (D:8)
  2 adders
  A dart slug (D:1)
  10 orcs
  2 giant cockroaches
  3 goblins
  2 hobgoblins
  2 quokkas
  A ball python (D:3)
  3 bats
  A frilled lizard (D:1)
  A kobold (D:1)
  5 fulminant prisms
  A fungus (D:8)
  6 withered plants (D:5)
80 creatures vanquished.

Grand Total: 242 creatures vanquished

Notes
Turn   | Place    | Note
-------+----------+-------------------------------------------
     0 | D:1      | mortz the Draconian Conjurer began the quest for the Orb.
     0 | D:1      | Reached XP level 1. HP: 14/14 MP: 3/3
    46 | D:1      | Found a faded altar of an unknown god.
    58 | D:1      | Prayed at the altar of an unknown god.
    58 | D:1      | Became a worshipper of Jiyva Jevvapni the Shapeless
    58 | D:1      | Reached * piety under Jiyva
   185 | D:1      | Reached XP level 2. HP: 20/20 MP: 3/5
   191 | D:1      | Learned a level 2 spell: Searing Ray
   254 | D:1      | Reached ** piety under Jiyva
   994 | D:2      | Reached XP level 3. HP: 26/26 MP: 2/6
  1041 | D:2      | Reached *** piety under Jiyva
  1114 | D:2      | Gained mutation: Your melee attacks may engulf your foes in
                  | ooze. [Jiyva's grace]
  1114 | D:2      | Gained mutation: You have a pair of small antennae on your
                  | head. [Jiyva's grace]
  1114 | D:2      | Gained mutation: You have a pair of antennae on your head.
                  | [Jiyva's grace]
  1114 | D:2      | Gained mutation: You have a pair of large antennae on your
                  | head. (SInv) [Jiyva's grace]
  1679 | D:3      | Killed Terence
  1694 | D:3      | Reached skill level 5 in Conjurations
  1694 | D:3      | Reached XP level 4. HP: 33/33 MP: 3/8
  1919 | D:3      | Reached **** piety under Jiyva
  1928 | D:3      | You fall into a shaft and drop 1 floor!
  1940 | D:4      | Reached skill level 3 in Spellcasting
  1940 | D:4      | Noticed an ogre
  1965 | D:4      | Killed an ogre
  1966 | D:4      | Reached XP level 5. HP: 38/38 MP: 3/10
  2207 | D:4      | Found a staircase to the Ecumenical Temple.
  2800 | D:5      | Entered Level 5 of the Dungeon
  2806 | D:5      | Noticed an ogre
  2812 | D:5      | Killed an ogre
  2813 | D:5      | Reached XP level 6. HP: 45/45 MP: 7/11
  2939 | D:5      | Reached ***** piety under Jiyva
  3072 | D:5      | Reached skill level 4 in Spellcasting
  3127 | D:5      | Gained mutation: You are agile. (Dex +2) [Jiyva's grace]
  3127 | D:5      | Gained mutation: You are very agile. (Dex +4) [Jiyva's
                  | grace]
  3127 | D:5      | Gained mutation: Your flesh is cold resistant. (rC+)
                  | [Jiyva's grace]
  3127 | D:5      | Gained mutation: Your flesh is very cold resistant. (rC++)
                  | [Jiyva's grace]
  3136 | D:5      | Your scales start taking on a rich purple colour.
  3136 | D:5      | Reached skill level 5 in Spellcasting
  3136 | D:5      | Reached XP level 7. HP: 50/50 MP: 10/15
  3968 | D:5      | Reached skill level 6 in Spellcasting
  4136 | D:6      | Reached XP level 8. HP: 52/58 MP: 9/17
  4159 | D:6      | Found Pixtecy's Neck Hole.
  4167 | D:6      | Bought a +0 cloak for 67 gold pieces
  4290 | D:6      | Reached skill level 1 in Fighting
  4308 | D:6      | Reached skill level 7 in Spellcasting
  4461 | D:6      | Learned a level 4 spell: Fulminant Prism
  4739 | D:7      | Lost mutation: You have a pair of large antennae on your
                  | head. (SInv) [Jiyva's grace]
  4739 | D:7      | Lost mutation: Your flesh is very cold resistant. (rC++)
                  | [Jiyva's grace]
  4739 | D:7      | Gained mutation: Your large and strong wings let you fly.
                  | [Jiyva's grace]
  4739 | D:7      | Gained mutation: Your body has grown eyes which may confuse
                  | attackers. (Acc +3) [Jiyva's grace]
  4739 | D:7      | Gained mutation: Your body has grown many eyes which may
                  | confuse attackers. (Acc +5) [Jiyva's grace]
  4739 | D:7      | Gained mutation: Your body is covered in eyes which may
                  | confuse attackers. (Acc +7, SInv) [Jiyva's grace]
  4816 | D:7      | Noticed Menkaure
  4822 | D:7      | Killed Menkaure
  4854 | D:7      | Reached ****** piety under Jiyva
  4863 | D:7      | Found an iron altar of Okawaru.
  4882 | D:7      | Reached XP level 9. HP: 66/67 MP: 10/20
  5019 | D:7      | Noticed Pikel
  5028 | D:7      | Killed Pikel
  5029 | D:7      | Reached skill level 5 in Dodging
  5029 | D:7      | Reached skill level 8 in Spellcasting
  5246 | D:8      | Noticed a death yak
  5269 | D:8      | Found a staircase to the Lair.
  5272 | D:8      | Noticed an elephant
  5286 | D:8      | Slimified a death yak
  5286 | D:8      | a death yak changed into a slime creature
  5294 | D:8      | Killed an elephant
  5581 | D:8      | Reached skill level 1 in Short Blades
  5605 | D:8      | Reached skill level 9 in Spellcasting
  5985 | D:9      | Reached XP level 10. HP: 58/74 MP: 16/23
  6194 | D:9      | Noticed a centaur warrior
  6207 | D:9      | Killed a centaur warrior
  6239 | D:9      | Noticed a two-headed ogre
  6245 | D:9      | Killed a two-headed ogre
  6246 | D:9      | Reached skill level 10 in Spellcasting
  6246 | D:9      | Reached skill level 10 in Conjurations
  6295 | D:9      | Identified the ring "Veboxt" {rPois rF+ Int+2}
  6394 | D:9      | Noticed a two-headed ogre
  6405 | D:9      | Killed a two-headed ogre
  6567 | D:9      | Reached skill level 1 in Hexes
  6662 | D:9      | Gained mutation: You are somewhat resistant to further
                  | mutation. [Jiyva's grace]
  6662 | D:9      | Gained mutation: You are somewhat resistant to both further
                  | mutation and mutation removal. [Jiyva's grace]
  6662 | D:9      | Gained mutation: You are almost entirely resistant to
                  | further mutation and mutation removal. [Jiyva's grace]
  6662 | D:9      | Gained mutation: You are strong-willed. (Will+) [Jiyva's
                  | grace]
  6849 | D:10     | Entered Level 10 of the Dungeon
  6879 | D:10     | Noticed a cyclops
  6904 | D:10     | Noticed a two-headed ogre
  6905 | D:10     | Killed a cyclops
  6906 | D:10     | Reached skill level 11 in Spellcasting
  6906 | D:10     | Reached XP level 11. HP: 71/82 MP: 8/26
  6909 | D:10     | Noticed a white ugly thing
  6949 | D:9      | Killed a two-headed ogre
  6973 | D:10     | Noticed a purple ugly thing
  6982 | D:10     | Killed a purple ugly thing
  6988 | D:10     | Noticed a six-headed hydra
  7047 | D:10     | Noticed a two-headed ogre
  7050 | D:10     | Killed a two-headed ogre
  7051 | D:10     | Noticed a two-headed ogre
  7059 | D:10     | Killed a two-headed ogre
  7060 | D:10     | Reached skill level 1 in Shields
  7063 | D:10     | Noticed a catoblepas
  7152 | D:10     | Killed a purple ugly thing
  7183 | D:10     | Identified the +3 trident of Fundamental Breach {vorpal,
                  | *Slow Will+ Dex+4}
  7187 | D:10     | Noticed a catoblepas
  7194 | D:10     | Killed a catoblepas
  7296 | D:10     | Reached skill level 12 in Spellcasting
  7340 | D:10     | Killed a catoblepas
  7341 | D:10     | Reached skill level 1 in Long Blades
  7342 | D:10     | Reached skill level 1 in Polearms
  7496 | D:10     | Reached XP level 12. HP: 92/92 MP: 21/28
  7604 | D:10     | Killed a six-headed hydra
  7605 | D:10     | Reached skill level 5 in Fighting
  7745 | D:10     | Found a staircase to the Orcish Mines.
  7835 | D:10     | Found a shadowy altar of Dithmenos.
  7932 | D:10     | Found a bloodstained altar of Trog.
  7932 | D:10     | Found a hazy altar of Hepliaklqana.
  7934 | D:10     | Found an ancient bone altar of Kikubaaqudgha.
  7934 | D:10     | Found a basalt altar of Yredelemnul.
  8227 | D:11     | Mangled by a skeletal warrior

Illustrated notes

Levels and vault maps discovered:
D:1:      dpeg_arrival_arbitrary_c, layout_loops_corners,
          shapermc_ecumenical_altar_venn, hex_tiny, minmay_close_crescents
D:2:      layout_rooms, minivault_25, nrook_uturn,
          chequers_serial_rivers_micro_b
D:3:      layout_loops_ring, kennysheep_nondescript, uniq_terence
D:4:      layout_loops_corners, minmay_temple_entry_arrows
D:5:      layout_layer_cave, serial_undead, serial_undead_d, serial_undead_e,
          serial_undead_b, serial_undead_a
D:6:      layout_cave_pools, hangedman_decor_peaks_small,
          nicolae_shop_sticking_my_neck_out
D:7:      layout_rooms, okawaru_humans, uniq_menkaure, uniq_pikel
D:8:      layout_basic, david_lair_generic, blue_anna_alchemist
D:9:      kennysheep_blocky_room, layout_irregular_city
D:10:     minmay_the_grid_square_5x5_4x4 [minmay_the_grid_square_5x5_gyroscope,
          minmay_the_grid_square_5x5_inner_i, minmay_the_grid_square_5x5_corner,
          minmay_the_grid_square_5x5_fat_x,
          minmay_the_grid_square_5x5_pentomino_r,
          minmay_the_grid_square_5x5_prize_snowflake,
          minmay_the_grid_square_5x5_prize_itemx,
          minmay_the_grid_square_5x5_tri_point,
          minmay_the_grid_square_5x5_doubleslash,
          minmay_the_grid_square_5x5_prize_deathbox,
          minmay_the_grid_square_5x5_prize_open,
          minmay_the_grid_square_5x5_half_checkered,
          minmay_the_grid_square_5x5_inverted_slash,
          minmay_the_grid_square_5x5_minimal,
          minmay_the_grid_square_5x5_inner_z,
          minmay_the_grid_square_5x5_fancy_junction], layout_rooms,
          mainiacjoe_overflow_alcove_3, lemuel_doored_altar, orc_0_dummy
D:11:     minmay_separated_statues, layout_cave_pods, gauntlet_entry_generic,
          hangedman_corner_corridor

Skill      XL: |  1  2  3  4  5  6  7  8  9 10 11 12 |
---------------+-------------------------------------+-----
Stealth        | 2 3 4 |  4.9
Conjurations   | 5 6 7 8 9 10 11 | 11.6
Dodging        | 2 3 4 6 7 8 |  8.7
Spellcasting   | 3 5 6 7 9 11 12 | 12.1
Fighting       | 1 2 3 4 5 |  5.0
Short Blades   | 1 2 3 |  3.1
Hexes          | 1 |  1.4
Shields        | 1 2 |  2.1
Long Blades    | 1 2 |  2.2
Polearms       | 2 3 |  3.2

Action                   |  1- 3 |  4- 6 |  7- 9 | 10-12 || total
-------------------------+-------+-------+-------+-------++-------
Melee: Dagger            |       |     3 |    21 |       ||    24
       Tailslap          |       |       |     4 |    19 ||    23
       Trident           |       |       |       |    42 ||    42
       Scimitar          |       |       |       |    24 ||    24
 Cast: Magic Dart        |    42 |    17 |    27 |    30 ||   116
       Searing Ray       |     6 |    17 |    60 |    71 ||   154
       Fulminant Prism   |       |       |     3 |     2 ||     5
Invok: Slimify           |       |       |     2 |       ||     2
       Oozemancy         |       |       |     3 |     2 ||     5
 Stab: Sleeping          |       |       |     1 |     1 ||     2
       Confused          |       |       |       |     2 ||     2
Armor: Skin              |     3 |    15 |    58 |    79 ||   155
Dodge: Dodged            |     3 |    13 |   103 |   152 ||   271
Block: Buckler           |       |       |       |    24 ||    24
